AoeStats
← Morrión

Fortress

510153341Analyzed
2v2 RM · 4d ago on Sep 29, 2026· 41m 7s· 4 players
Game mode
Random Map
Map size
Normal (6 player)
Population
200
Speed
Normal
Resources
Standard
Victory
Conquest
Starting age
Dark Age
Ending age
Imperial Age
RankedLock teamsTeams togetherTeam positionsShared explorationLock speedFull tech treeHidden civsTurbo modeCheats
Victory
Defeat
🇩🇪 Britons · Germany
1394
+14
🇩🇪 Danes · Germany
1323
+18
🇪🇸 Mongols · Spain
1355
-16
🇪🇸 Danes · Spain
1354
-16
Morrión
7:08 Feudal Age
12:03 Castle Age
10:28 Fletching
11:15 Padded Archer Armor
12:04 Horse Collar
12:12 Double-Bit Axe
12:53 Bodkin Arrow
13:05 Thumb Ring
16:11 Husbandry
18:01 Leather Archer Armor
21:15 Heavy Plow
22:55 Wheelbarrow
25:56 Ballistics
27:53 Bloodlines
28:18 Bow Saw
32:41 Imperial Age
31:28 Loom
31:58 Hand Cart
33:27 Bracer
34:32 Chemistry
35:05 Murder Holes
36:37 Elite Mangudai
39:42 Masonry
juanca12
7:26 Feudal Age
11:04 Castle Age
9:21 Double-Bit Axe
9:29 Horse Collar
9:58 Arson
12:12 Scale Mail Armor
16:53 Squires
17:20 Chain Mail Armor
19:06 Forging
22:12 Bow Saw
21:26 Elite Skirmisher
22:07 Fletching
24:12 Wheelbarrow
34:24 Bodkin Arrow
34:30 Padded Archer Armor
35:31 Hand Cart
39:00 Leather Archer Armor
38:53 Loom
AmphetaminZ7
6:24 Feudal Age
10:22 Castle Age
8:27 Horse Collar
9:13 Double-Bit Axe
11:34 Bow Saw
14:35 Arson
16:00 Scale Mail Armor
17:16 Chain Mail Armor
17:46 Squires
18:35 Forging
21:48 Loom
26:28 Wheelbarrow
28:00 Hand Cart
28:43 Iron Casting
32:44 Imperial Age
30:00 Town Watch
30:32 Heavy Plow
34:03 Plate Mail Armor
33:58 Conscription
34:27 Elite Jomsviking
35:13 Hamask
36:27 Town Patrol
37:28 Blast Furnace
36:18 Gambesons
37:27 Gold Mining
37:27 Stone Mining
39:25 Northmen's Fury
41:09 Fletching
41:26 Scale Barding Armor
41:23 Padded Archer Armor
40:50 Onager
leox
6:40 Feudal Age
8:11 Loom
11:06 Castle Age
9:27 Fletching
11:59 Bodkin Arrow
12:08 Double-Bit Axe
16:21 Horse Collar
19:24 Padded Archer Armor
22:30 Leather Archer Armor
22:53 Heavy Plow
23:05 Bow Saw
32:24 Imperial Age
32:06 Masonry
32:59 Yeomen
32:43 Elite Longbowman
33:36 Bracer
35:26 Chemistry
34:47 Ballistics
34:59 Ring Archer Armor
35:26 Conscription
35:13 Gold Mining
36:49 Wheelbarrow
37:32 Gold Shaft Mining
37:55 Siege Engineers
40:54 Hand Cart
40:49 Warwolf
Connection lost

Rejoining the realm…

Still unreachable

The connection could not be restored.

Session expired

The server has moved on; the page needs a fresh start.